 Dungeon Crawl Stone Soup version 0.17-a0-702-gb3a3556 (console) character file.

1639653 hyperkellhus the Slayer (level 27, 305/305 HPs)
             Began as a Troll Assassin on Apr 19, 2015.
             Was the Champion of Okawaru.
             Escaped with the Orb
             ... and 3 runes!
             The game lasted 03:37:09 (77318 turns).

hyperkellhus the Slayer (Troll Assassin)           Turns: 77318, Time: 03:37:09

Health: 305/305    AC: 26    Str: 27    XL:     27
Magic:  28/28      EV: 31    Int:  7    God:    Okawaru [******]
Gold:   9337       SH: 26    Dex: 23    Spells: 0 memorised, 26 levels left

rFire  + . .     SeeInvis .       - Unarmed
rCold  + . .     Clarity  +     M - +6 mottled dragon armour
rNeg   . . .     SustAb   .     u - +4 large shield of Caaczuik {rC+ rCorr}
rPois  .         Gourm    +     O - +1 hat "Mityehek" {rF+ Dex+2}
rElec  .         Spirit   .     Y - +2 cloak {MR+}
rCorr  +         Warding  .     (gloves unavailable)
rMut   .         Stasis   .     (boots unavailable)
MR     +++++                    r - amulet of Zetir {Clar MR++ Dex-2}
Stlth  +.........               v - +5 ring of protection
                                K - +3 ring of dexterity

@: almost entirely resistant to hostile enchantments, very unstealthy
A: unfitting armour, claws 3, fast metabolism 3, gourmand, regeneration 2,
shaggy fur 1, tough skin 2
a: Heroism, Finesse, Renounce Religion
0: Orb of Zot
}: 3/15 runes: decaying, silver, gossamer


You escaped.
You worshipped Okawaru.
Okawaru was exalted by your worship.
You were hungry.

You visited 10 branches of the dungeon, and saw 58 of its levels.
You also visited: Ice Cave.

You collected 9874 gold pieces.
You spent 537 gold pieces at shops.

Inventory:

Hand weapons
 b - a +1 blowgun
Missiles
 f - 16 curare-tipped needles
 D - 169 large rocks (quivered)
 V - 2 throwing nets
Armour
 u - the +4 large shield of Caaczuik (worn) {rC+ rCorr}
   (Okawaru gifted it to you on level 4 of the Spider Nest)

   It protects you from cold.
   It protects you from acid and corrosion.
 M - a +6 mottled dragon armour (worn)
 O - the +1 hat "Mityehek" (worn) {rF+ Dex+2}
   (You acquired it on level 3 of the Lair of Beasts)

   It affects your dexterity (+2).
   It protects you from fire.
 Y - a +2 cloak of magic resistance (worn)
 Z - a +1 cloak of poison resistance
Jewellery
 d - an uncursed amulet of resist mutation
 o - an uncursed ring of protection from fire
 r - the amulet of Zetir (around neck) {Clar MR++ Dex-2}
   (You found it in an ice cave)

   [amulet of clarity]

   It provides mental clarity.
   It affects your dexterity (-2).
   It affects your resistance to hostile enchantments.
 v - a +5 ring of protection (right claw)
 w - an uncursed ring of poison resistance
 F - an uncursed ring of see invisible
 K - a +3 ring of dexterity (left claw)
 T - an uncursed ring of teleport control
Magical devices
 l - a wand of teleportation (2)
 s - a wand of digging (16)
 y - a wand of teleportation (5)
 J - a wand of hasting (3)
 U - a wand of disintegration (13)
Scrolls
 h - 17 scrolls of remove curse
 x - 6 scrolls of fog
 B - 18 scrolls of identify
 H - 26 scrolls of teleportation
 P - 5 scrolls of recharging
 X - 10 scrolls of blinking
Potions
 i - a potion of flight
 k - 22 potions of curing
 m - 2 potions of cure mutation
 n - 3 potions of haste
 p - 4 potions of agility
 A - 6 potions of magic
 E - 6 potions of cancellation
 I - 7 potions of restore abilities
 N - 3 potions of resistance
 Q - 5 potions of might
 S - 9 potions of heal wounds
 W - 5 potions of berserk rage
Books
 G - a Fen Folio

   Spells                             Type                      Level
   a - Corpse Rot                     Necromancy                   2
   b - Stone Arrow                    Conjuration/Earth            3
   c - Leda's Liquefaction            Hexes/Earth                  4
   d - Summon Forest                  Summoning/Translocation      5
   e - Hydra Form                     Transmutation                6
   f - Summon Hydra                   Summoning                    7
Miscellaneous
 e - 2 phantom mirrors
Comestibles
 g - 27 bread rations
 q - 27 meat rations
 t - 6 beef jerkies
 C - 96 fruits
 R - 3 slices of pizza


   Skills:
 - Level 23.0 Fighting
   Level 1.5 Short Blades
 - Level 1.7 Throwing
 + Level 9.3 Armour
 - Level 22.0 Dodging
 - Level 2.4 Stealth
 - Level 15.0 Shields
 - Level 22.0 Unarmed Combat
 - Level 9.0 Invocations


You had 26 spell levels left.
You didn't know any spells.

Dungeon Overview and Level Annotations

Branches:
Dungeon (15/15)            Temple (0/1) D:7            Lair (8/8) D:8
  Swamp (5/5) Lair:4       Spider (5/5) Lair:5        Slime (0/6) Lair:7
    Orc (4/4) D:9             Elf (3/3) Orc:4        Vaults (5/5) D:14
  Crypt (3/3) Vaults:3       Tomb (0/3) Crypt:3      Depths (5/5) D:15
    Zot (5/5) Depths:5

Altars:
Ashenzari
Fedhas
Kikubaaqudgha
Makhleb
Okawaru
Trog
Vehumet
Xom
Yredelemnul
Beogh
Jiyva
Lugonu

Shops:
D:4 [   D:5 [   Orc:2 (   Orc:3 [   Orc:4 *=[%   Elf:2 (   Vaults:2 [
Vaults:3 ?   Depths:1 *   Depths:2 *

Portals:
Hell: Lair:8 Depths:1 Depths:2 Depths:3 Depths:4 Depths:5
Abyss: Depths:4
Pandemonium: Depths:3
Ziggurat: Depths:4

Annotations:
Lair:1 exclusion: downstairs
Lair:8 exclusion: door
Elf:2 3 runed doors
Zot:3 exclusion: downstairs


Innate Abilities, Weirdness & Mutations

You are too large for most types of armour.
You have claws for hands.
Your metabolism is lightning-fast.
You like to eat raw meat.
You heal very quickly.
You are covered in fur (AC +1).
You have very tough skin (AC +2).


Message History

An ufetubus comes into view.
The ufetubus shouts!
You eviscerate the ufetubus!!!
You kill the ufetubus!
An efreet comes into view. It is wielding a scimitar of flaming.
There is a stone staircase leading up here.
You climb upwards.
You sense a powerful magical force warping space.
There is a stone staircase leading down here.
There is an open door here.
You see here a club.
You are feeling hungry.
You can't go up here!
(D) Dungeon (T) Temple (L) Lair (S) Swamp (N) Spider Nest (M) Slime Pits (O) Orcish Mines (E) Elven Halls (V) Vaults (C) Crypt (W) Tomb (U) Depths (H) Hell (Z) Zot
Where to? (Enter - D:1 @ (x,y), ? - help)
There is a staircase leading out of the dungeon here.
You have escaped!

....# #........###...## ####.
########...####.##.....## #.... #
#.......##.#.......## #..#.
######.......##..........####...#
.........................'.......
########.....##..........####...#
# #...#.##.#.......## #....
##.....#####..#### #####
#.##.###@.###)## #
###.####8##...##.## #
#....##...####.##.## #
#.#.##.###...##.##.# #
#.#.##.#8####.##.#.# #
##.#.##.#....##.#.#.## #
#....#8.#.##.8#.#.#.8# #
#..####.#.#8.##.#.#.## #
#..##.#.#.##...##.#.########


There were no monsters in sight!

Vanquished Creatures
  6 ancient liches
  An orb of fire (Zot:5)
  Mara (Depths:3)
  3 pandemonium lords (D:11)
  The ghost of asdu the Executioner, a great HOBe of Trog (Depths:3)
  Boris (twice) (Depths:3 Vaults:5)
  Frederick (Crypt:2)
  the Lernaean hydra (Swamp:5)
  Margery (Crypt:2)
  3 Killer Klowns
  A caustic shrike (Depths:2)
  7 golden dragons
  3 bone dragons (Depths:5)
  Arachne (Spider:2)
  An electric golem (Zot:5)
  Jorgrun (Vaults:3)
  8 liches
  Rupert (Lair:3)
  12 tentacled monstrosities
  An Ice Fiend (Depths:5)
  22 Orb Guardians
  Asterion (Spider:2)
  A deep elf blademaster (Elf:3)
  4 titans
  A deep elf master archer (Elf:3)
  7 sphinxes
  5 ancient champions
  Frances (D:13)
  2 thorn hunters
  4 shadow dragons
  Kirke (Lair:7)
  A revenant (Crypt:2)
  7 storm dragons
  A draconian monk (Depths:5)
  20 tengu reavers
  11 fire giants
  10 deep elf sorcerers
  18 vault wardens
  Donald (Vaults:1)
  10 frost giants
  4 iron dragons
  9 ghost moths
  Maud (Lair:4)
  6 emperor scorpions
  2 draconian scorchers
  A draconian knight (Zot:5)
  Aizul (Spider:2)
  An orc warlord (Vaults:5)
  3 curse skulls (Crypt:3)
  2 draconian zealots (Depths:5)
  3 reapers (Crypt:3)
  3 ghouls (Crypt:1)
  3 war gargoyles (Vaults:5)
  31 stone giants
  13 ironheart preservers
  9 spriggan defenders
  2 draconian annihilators
  5 very ugly things
  4 green draconians
  6 vampire knights
  5 black draconians
  9 deep elf demonologists
  A lorocyproca (Depths:3)
  12 deep elf annihilators
  5 purple draconians
  4 mottled draconians
  5 red draconians
  8 white draconians
  A dire elephant (Zot:2)
  A yellow draconian (Zot:1)
  8 eidola (Crypt:3)
  14 ettins
  33 vault guards
  2 crystal guardians
  A merfolk impaler (Depths:3)
  A mummy priest (Crypt:3)
  7 deep elf death magi
  2 quicksilver dragon zombies (Crypt:3)
  9 deep elf high priests
  Josephine (D:11)
  4 jiangshi
  A great orb of eyes (shapeshifter) (Vaults:3)
  5 death cobs
  13 fire dragons
  13 ice dragons
  20 yaktaur captains
  9 great orbs of eyes
  7 rakshasas
  29 hydras
  5 entropy weavers
  7 spriggan air magi
  10 death yaks
  5 salamander stormcallers
  2 dancing weapons (Elf:2)
  9 centaur warriors
  An alligator (shapeshifter) (Vaults:4)
  15 ogre magi
  15 deep troll earth magi
  2 hell beasts
  15 alligators
  A titan zombie (Crypt:3)
  11 tengu warriors
  4 small abominations
  8 spriggan berserkers
  A shock serpent (shapeshifter) (Depths:3)
  2 hell hogs (Depths:2)
  A sun demon (D:2)
  8 deep troll shamans
  2 titan skeletons
  4 vampire magi
  Nergalle (Lair:4)
  15 deep elf knights
  4 large abominations
  3 storm dragon zombies
  4 orc high priests
  11 soul eaters
  2 shadow wraiths
  2 ice devils
  12 hell knights
  A death drake (shapeshifter) (Depths:5)
  23 skeletal warriors
  6 flayed ghosts
  32 deep trolls
  A golden dragon zombie (Crypt:3)
  2 iron trolls
  2 unseen horrors
  2 quicksilver dragon simulacra (Crypt:1)
  A storm dragon skeleton (Crypt:3)
  A deep troll (shapeshifter) (Vaults:5)
  A ghost moth zombie (Crypt:1)
  8 wizards
  An anaconda zombie (Crypt:3)
  15 deep elf summoners
  A lindwurm (shapeshifter) (Vaults:5)
  A putrid demonspawn (Depths:3)
  A harpy (Vaults:4)
  A shadow demon (Depths:5)
  2 ice statues (IceCv)
  2 anaconda skeletons (Crypt:3)
  A tengu zombie (Depths:4)
  4 giant orange brains
  A harpy (shapeshifter) (Vaults:1)
  3 shambling mangroves
  17 ironbrand convokers
  9 swamp dragons
  A shadow dragon zombie (Crypt:3)
  A lindwurm (Lair:7)
  14 phantasmal warriors
  21 orb spiders
  A golden dragon skeleton (Crypt:1)
  24 necromancers
  A wolf spider zombie (D:14)
  13 orc knights
  5 hill giants
  A cyclops (shapeshifter) (Depths:2)
  2 iron dragon zombies (Crypt:3)
  33 wolf spiders
  18 deep elf conjurers
  A draconian (shapeshifter) (Depths:2)
  A frost giant zombie (Crypt:3)
  2 fire giant zombies
  7 orc sorcerers
  A spectral ettin (Crypt:3)
  A stone giant zombie (Depths:1)
  6 griffons
  49 ugly things
  15 hornets
  A shadow dragon skeleton (Vaults:5)
  A mana viper (Depths:1)
  8 cyclopes
  13 moths of wrath
  9 elephants
  A fire giant skeleton (Crypt:3)
  A rust devil (Depths:3)
  Maurice (Orc:4)
  5 gargoyles
  2 octopodes (shapeshifter)
  A stone giant skeleton (Crypt:3)
  A salamander (shapeshifter) (Depths:5)
  A black mamba (shapeshifter) (Vaults:4)
  A storm dragon simulacrum (Crypt:1)
  2 frost giant skeletons
  A moth of wrath (shapeshifter) (Depths:5)
  A smoke demon (D:11)
  21 spiny frogs
  3 black mambas
  A torpor snail (Spider:3)
  2 yaktaur zombies
  6 orange demons
  A dire elephant skeleton (Crypt:3)
  2 titan simulacra
  A yaktaur (shapeshifter) (Vaults:4)
  A spiny frog (shapeshifter) (Vaults:2)
  17 vault sentinels
  22 demonic crawlers
  10 komodo dragons
  A kobold demonologist (Vaults:3)
  2 tormentors
  A centaur skeleton (D:12)
  2 guardian mummies (Crypt:3)
  12 deep elf priests
  A shadow dragon simulacrum (Depths:1)
  A jumping spider (shapeshifter) (Vaults:1)
  A fire drake (shapeshifter) (Depths:3)
  24 jumping spiders
  8 freezing wraiths
  8 trolls
  4 tengu conjurers
  65 yaktaurs
  An entropy weaver zombie (Crypt:2)
  15 hellwings
  A grey draconian skeleton (Crypt:2)
  6 fire drakes
  A harpy zombie (Crypt:1)
  A merfolk (shapeshifter) (Depths:4)
  5 giant leeches
  A polar bear (shapeshifter) (Depths:1)
  9 baby alligators
  21 two-headed ogres
  A fire vortex (Vaults:2)
  A two-headed ogre (shapeshifter) (Depths:1)
  52 slime creatures
  A tengu simulacrum (Depths:4)
  3 moth of wrath zombies
  15 blink frogs
  27 ravens
  4 blue devils (Lair:8)
  3 ettin zombies
  A satyr zombie (Crypt:1)
  5 boulder beetles
  A wandering mushroom (Lair:8)
  3 ice dragon zombies
  A sphinx simulacrum (Depths:3)
  An ushabti (Crypt:3)
  18 bog bodies
  A fire giant simulacrum (Depths:1)
  A deep troll zombie (Depths:1)
  The ghost of Raurakos the Shooter, an average HEAM (D:4)
  14 spriggans
  A stone giant simulacrum (Depths:1)
  A ynoxinul (Orc:4)
  18 trapdoor spiders
  A hornet zombie (D:15)
  A trapdoor spider (shapeshifter) (Vaults:2)
  4 flying skulls (Crypt:2)
  6 ettin skeletons
  2 frost giant simulacra
  32 deep elf magi
  A centaur simulacrum (D:12)
  An alligator skeleton (Crypt:1)
  48 redbacks
  36 yaks
  3 hungry ghosts
  7 hippogriffs
  A hog (Lair:7)
  An ice dragon skeleton (Depths:1)
  5 vampires
  2 basilisks
  2 water elementals
  19 wraiths
  24 tarantellas
  A fire dragon skeleton (Zot:1)
  6 air elementals
  3 shadows
  2 black mamba skeletons
  29 deep elf fighters
  10 humans
  A human (shapeshifter) (D:14)
  2 elf skeletons
  3 wyverns
  A tarantella (shapeshifter) (Vaults:5)
  A salamander skeleton (Vaults:3)
  2 wargs
  30 vampire mosquitoes
  A redback simulacrum (Vaults:1)
  Menkaure (D:5)
  A neqoxec (Elf:3)
  23 wolves
  3 mottled dragons
  2 nagas (Depths:1)
  23 swamp worms
  2 soldier ants (shapeshifter)
  14 porcupines
  12 hell hounds
  10 raven skeletons (Crypt:3)
  23 spiders
  38 water moccasins
  A gelid demonspawn skeleton (Crypt:3)
  An infernal demonspawn skeleton (Crypt:2)
  33 orc warriors
  A ghost crab zombie (Crypt:2)
  29 ice beasts
  3 snapping turtle zombies
  15 wasps
  7 necrophages
  8 sky beasts
  21 swamp drakes
  4 black bears
  A manticore zombie (Crypt:1)
  8 boggarts
  66 ogres
  2 phantoms
  A boring beetle (Lair:8)
  An eye of draining (D:12)
  A tengu (shapeshifter) (Depths:2)
  4 big kobolds
  21 crocodiles
  An elf zombie (D:11)
  2 brain worms (D:14)
  A komodo dragon zombie (Crypt:1)
  A fire drake skeleton (Crypt:1)
  29 giant frogs
  A wyvern zombie (D:6)
  10 centaurs
  2 water moccasin zombies
  A troll zombie (Crypt:1)
  16 scorpions
  A glowing shapeshifter simulacrum (Depths:3)
  4 jellies
  14 killer bees
  A manticore simulacrum (Crypt:3)
  10 wights
  5 centaur zombies
  9 crimson imps
  19 electric eels
  2 goliath beetles (Lair:5)
  7 giant frog zombies
  3 human zombies (D:11)
  15 iguanas
  27 orc priests
  A giant frog skeleton (D:12)
  34 orc wizards
  A two-headed ogre zombie (Crypt:2)
  7 hounds
  6 human skeletons
  2 iron imps
  A basilisk skeleton (Crypt:2)
  2 quasits
  14 hell rats
  7 worker ants
  A killer bee zombie (D:11)
  A big kobold zombie (Crypt:2)
  A demigod zombie (Crypt:2)
  15 sheep
  A giant frog simulacrum (D:12)
  A demigod skeleton (Crypt:1)
  2 hound skeletons
  3 mummies
  A worker ant zombie (D:9)
  30 river rats
  A scorpion zombie (Crypt:2)
  15 adders
  6 gnolls
  5 shadow imps
  A white imp (Orc:1)
  An ufetubus (D:2)
  2 adder skeletons
  An adder zombie (D:7)
  6 worms
  7 giant geckos
  189 orcs
  A ball python (D:2)
  A bat skeleton (D:5)
  A bat zombie (D:5)
  3 giant cockroaches
  20 goblins
  19 hobgoblins
  24 jackals
  27 kobolds
  9 quokkas
  A ball python zombie (Crypt:1)
  13 bats
  2 giant newts
  2 orc zombies (D:11)
  A quokka skeleton (D:8)
  15 rats
  A briar patch (Swamp:1)
  4 bushes
  5 crawling corpses
  3 fungi
  7 plants
2937 creatures vanquished.

Vanquished Creatures (collateral kills)
  A necrophage (D:8)
  A hound (D:8)
2 creatures vanquished.

Vanquished Creatures (others)
  A tengu reaver (Vaults:2)
  2 fire giants
  A draconian zealot (Zot:2)
  A red draconian (Zot:1)
  A deep elf high priest (Depths:3)
  An ogre mage (Vaults:2)
  A spriggan air mage (Depths:3)
  A necromancer (Depths:5)
  A moth of wrath (Zot:1)
  A cyclops (Vaults:2)
  A yaktaur (Depths:3)
  A fire vortex (Vaults:2)
  A bog body (Swamp:5)
  A slime creature (Vaults:2)
  3 redbacks
  An ettin skeleton (Crypt:1)
  A deep elf fighter (Elf:2)
  2 humans (Lair:7)
  A water moccasin (Lair:3)
  A wasp (D:14)
  3 ogres (Vaults:2)
  13 lost souls
  An elf skeleton (Crypt:1)
  A human zombie (Vaults:2)
  A giant frog (Lair:3)
  An orc (D:11)
  A jackal (D:5)
  5 fungi
  11 plants
  5 toadstools (Swamp:1)
66 creatures vanquished.

Grand Total: 3005 creatures vanquished

Notes
Turn   | Place    | Note
--------------------------------------------------------------
     0 | D:1      | hyperkellhus, the Troll Assassin, began the quest for the Orb.
     0 | D:1      | Reached XP level 1. HP: 19/19 MP: 0/0
   136 | D:1      | Reached skill level 1 in Unarmed Combat
   392 | D:1      | Reached XP level 2. HP: 27/27 MP: 1/1
  1059 | D:2      | Reached XP level 3. HP: 28/33 MP: 2/2
  1143 | D:2      | Reached skill level 3 in Unarmed Combat
  1646 | D:3      | Reached XP level 4. HP: 41/41 MP: 3/3
  1745 | D:3      | Reached skill level 4 in Unarmed Combat
  2334 | D:3      | Noticed an ogre
  2385 | D:3      | Killed an ogre
  2385 | D:3      | Reached skill level 5 in Unarmed Combat
  2385 | D:3      | Reached XP level 5. HP: 28/48 MP: 4/4
  2629 | D:4      | Noticed Raurakos's ghost (average HEAM)
  2648 | D:3      | Reached XP level 6. HP: 45/55 MP: 5/5
  2760 | D:4      | Reached skill level 6 in Unarmed Combat
  2798 | D:4      | Found an iron altar of Okawaru.
  2805 | D:4      | Became a worshipper of Warmaster Okawaru
  3502 | D:4      | Reached skill level 7 in Unarmed Combat
  3823 | D:4      | Reached XP level 7. HP: 62/62 MP: 6/6
  3892 | D:4      | Found Burr's Antique Armour Emporium.
  3969 | D:5      | Entered Level 5 of the Dungeon
  4230 | D:4      | Killed Raurakos's ghost
  4230 | D:4      | Acquired Okawaru's first power
  4230 | D:4      | Reached skill level 8 in Unarmed Combat
  4339 | D:5      | Noticed Menkaure
  4344 | D:5      | Killed Menkaure
  4344 | D:5      | Reached skill level 9 in Unarmed Combat
  4451 | D:5      | Reached XP level 8. HP: 67/70 MP: 7/7
  4492 | D:5      | Found Dauvuagi's Armour Boutique.
  5221 | D:6      | Reached skill level 10 in Unarmed Combat
  6101 | D:7      | Found a staircase to the Ecumenical Temple.
  6129 | D:7      | You fall through a shaft!
  6481 | D:7      | Reached skill level 5 in Fighting
  6556 | D:7      | Reached XP level 9. HP: 88/88 MP: 8/8
  6596 | D:7      | Found a blossoming altar of Fedhas.
  6976 | D:7      | Reached skill level 1 in Dodging
  7150 | D:8      | Found a staircase to the Lair.
  7225 | D:8      | Reached skill level 5 in Dodging
  7247 | D:8      | Noticed a troll
  7524 | D:8      | Found a basalt altar of Yredelemnul.
  7672 | D:8      | Killed a troll
  7809 | D:8      | You fall through a shaft!
  7819 | D:9      | Reached XP level 10. HP: 55/97 MP: 9/9
  7846 | D:9      | Reached skill level 1 in Armour
  8195 | D:9      | Acquired Okawaru's second power
  8268 | D:9      | Got a crystal mace
  8825 | D:9      | Reached skill level 5 in Armour
  9141 | D:9      | Found a staircase to the Orcish Mines.
  9415 | D:9      | Reached skill level 11 in Unarmed Combat
  9648 | D:8      | Received a gift from Okawaru
  9727 | D:8      | Noticed a hill giant
  9883 | D:8      | Reached XP level 11. HP: 99/104 MP: 10/10
 10204 | Lair:1   | Entered Level 1 of the Lair of Beasts
 10468 | Lair:1   | Reached skill level 12 in Unarmed Combat
 10948 | Lair:2   | Noticed an eight-headed hydra
 10948 | Lair:2   | Noticed a seven-headed hydra
 11007 | Lair:2   | Got an ancient morningstar
 11414 | Lair:2   | Killed a seven-headed hydra
 11414 | Lair:2   | Reached skill level 13 in Unarmed Combat
 11971 | Lair:2   | Killed an eight-headed hydra
 12162 | Lair:3   | Identified a scroll of acquirement
 12163 | Lair:3   | Got a scorched hat
 12170 | Lair:3   | Identified the +1 hat "Mityehek" {rF+ Dex+2} (You acquired it on level 3 of the Lair of Beasts)
 12176 | Lair:3   | Noticed Rupert
 12200 | Lair:3   | Found a frozen archway.
 12215 | Lair:2   | Reached skill level 14 in Unarmed Combat
 12312 | Lair:2   | Received a gift from Okawaru
 12331 | Lair:2   | Got a steaming hunting sling {god gift}
 12384 | Lair:3   | Paralysed by Rupert for 5 turns
 12391 | IceCv    | Entered an ice cave
 12461 | IceCv    | Reached XP level 12. HP: 103/113 MP: 11/11
 12514 | IceCv    | Noticed an ice statue
 12514 | IceCv    | Noticed an ice statue
 12520 | IceCv    | Killed an ice statue
 12541 | IceCv    | Killed an ice statue
 12541 | IceCv    | Reached skill level 15 in Unarmed Combat
 12673 | IceCv    | Reached skill level 1 in Invocations
 12697 | IceCv    | Noticed an ice dragon
 12709 | IceCv    | Killed an ice dragon
 12714 | IceCv    | Noticed an ice dragon
 12722 | IceCv    | Killed an ice dragon
 12762 | IceCv    | Got a scorched zirconium amulet
 12774 | IceCv    | Identified the amulet of Zetir {Clar MR++ Dex-2} (You found it in an ice cave)
 12790 | IceCv    | Got a transparent marble ring
 12792 | IceCv    | Identified the ring "Tuthing" {+Fly rPois rC- Dex+4} (You found it in an ice cave)
 13028 | Lair:3   | Killed Rupert
 13028 | Lair:3   | Received a gift from Okawaru
 13028 | Lair:3   | Reached skill level 5 in Invocations
 13031 | Lair:3   | Got a crude longbow {god gift}
 13289 | Lair:3   | Noticed an eight-headed hydra
 13789 | Lair:3   | Received a gift from Okawaru
 14131 | Lair:4   | Noticed Maud
 14143 | Lair:4   | Killed Maud
 14163 | Lair:4   | Found a staircase to the Swamp.
 14310 | Lair:4   | Noticed Nergalle
 14319 | Lair:4   | Killed Nergalle
 14337 | Lair:4   | Reached XP level 13. HP: 127/127 MP: 16/16
 14360 | Lair:4   | Noticed a six-headed hydra
 14484 | Lair:4   | Noticed an eight-headed hydra
 14491 | Lair:4   | Killed an eight-headed hydra
 14760 | Lair:4   | Killed a six-headed hydra
 15367 | Lair:5   | Found a hole to the Spider Nest.
 15553 | Lair:5   | Identified the Tome of Confrontation
 15706 | Lair:5   | Reached skill level 10 in Fighting
 15853 | Lair:5   | Received a gift from Okawaru
 15856 | Lair:5   | Got an opalescent robe {god gift}
 15932 | Lair:5   | Identified the +2 robe of the Sun {MR+} (Okawaru gifted it to you on level 5 of the Lair of Beasts)
 16658 | Lair:7   | Found a shattered altar of Ashenzari.
 17064 | Lair:7   | Found a viscous altar of Jiyva.
 17065 | Lair:7   | Found a staircase to the Slime Pits.
 17100 | Lair:7   | Noticed Kirke
 17149 | Lair:7   | Killed Kirke
 17632 | Lair:8   | Entered Level 8 of the Lair of Beasts
 17694 | Lair:8   | Received a gift from Okawaru
 17694 | Lair:8   | Reached skill level 10 in Dodging
 17721 | Lair:7   | Reached XP level 14. HP: 142/142 MP: 17/17
 18256 | Lair:8   | Received a gift from Okawaru
 18259 | Lair:8   | Got a faintly glowing shortbow {god gift}
 18545 | Lair:8   | Reached skill level 16 in Unarmed Combat
 19329 | Lair:8   | Found a burning altar of Makhleb.
 19335 | Lair:8   | Found a gateway to Hell.
 19486 | Lair:8   | Received a gift from Okawaru
 19767 | Lair:4   | Reached skill level 17 in Unarmed Combat
 19942 | D:10     | Entered Level 10 of the Dungeon
 20667 | D:11     | Noticed Josephine
 20683 | D:11     | Killed Josephine
 21134 | D:11     | Found an ancient bone altar of Kikubaaqudgha.
 21706 | D:12     | Received a gift from Okawaru
 21872 | D:12     | Reached XP level 15. HP: 152/152 MP: 18/18
 22422 | D:12     | Received a gift from Okawaru
 22874 | D:12     | Reached XP level 16. HP: 165/165 MP: 19/19
 23942 | D:13     | Noticed Frances
 23951 | D:13     | Killed Frances
 24826 | D:14     | Reached skill level 18 in Unarmed Combat
 24854 | D:14     | Paralysed by a hornet for 3 turns
 25694 | D:14     | Found a gate to the Vaults.
 25852 | D:15     | Entered Level 15 of the Dungeon
 25964 | D:15     | Received a gift from Okawaru
 26092 | D:15     | Found a bloodstained altar of Trog.
 26213 | D:15     | Found a staircase to the Depths.
 26323 | D:15     | Reached skill level 19 in Unarmed Combat
 26619 | D:15     | Received a gift from Okawaru
 26622 | D:15     | Got an ominously black robe {god gift}
 26636 | D:15     | Identified the +0 robe of the Raven {rElec Dex+4} (Okawaru gifted it to you on level 15 of the Dungeon)
 27166 | Orc:1    | Entered Level 1 of the Orcish Mines
 27538 | Orc:2    | Found Pines's Weapon Emporium.
 27905 | Orc:2    | Found a runed door.
 28154 | Orc:2    | Found a roughly hewn altar of Beogh.
 28197 | Orc:3    | Found a shimmering altar of Xom.
 28205 | Orc:3    | Found Puvaog's Antique Armour Shoppe.
 29229 | Orc:3    | Found a roughly hewn altar of Beogh.
 29420 | Orc:4    | Entered Level 4 of the Orcish Mines
 29420 | Orc:4    | Noticed Maurice
 29426 | Orc:4    | Killed Maurice
 29521 | Orc:4    | Found a roughly hewn altar of Beogh.
 29853 | Orc:4    | Found a staircase to the Elven Halls.
 30016 | Orc:4    | Found Xiad's Antique Armour Emporium.
 30044 | Orc:4    | Found Zaliez Bioge's General Store.
 30138 | Orc:4    | Found Veeduugy's Jewellery Shop.
 30154 | Orc:4    | Found Luojuiw's Food Emporium.
 30396 | Orc:4    | Bought a glowing cloak for 130 gold pieces
 30595 | D:8      | Killed a hill giant
 30677 | D:8      | Identified the Almanac of Torrid Combat Magic
 30679 | D:8      | Identified Goegges's Disquisition on Supportive Curses
 30681 | D:8      | Identified the Compendium of Bewitchment and Dislocation
 30984 | Elf:1    | Entered Level 1 of the Elven Halls
 31007 | Elf:1    | Reached XP level 17. HP: 172/172 MP: 20/20
 31045 | Elf:1    | Found a radiant altar of Vehumet.
 31063 | Elf:1    | Reached skill level 20 in Unarmed Combat
 31735 | Elf:1    | Received a gift from Okawaru
 32238 | Elf:2    | Found Pefe's Antique Weapon Emporium.
 32806 | Elf:2    | Found a runed gate.
 32806 | Elf:2    | Found a runed gate.
 32807 | Elf:2    | Found a runed gate.
 33226 | Orc:4    | Bought an uncursed ring of poison resistance for 280 gold pieces
 33505 | Spider:1 | Entered Level 1 of the Spider Nest
 33789 | Spider:1 | Reached skill level 1 in Shields
 34041 | Spider:1 | Received a gift from Okawaru
 35226 | Spider:2 | Noticed Aizul
 35230 | Spider:2 | Noticed Asterion
 35243 | Spider:2 | Killed Aizul
 35259 | Spider:2 | Killed Asterion
 35415 | Spider:2 | Reached skill level 5 in Shields
 35617 | Spider:2 | Noticed Arachne
 35629 | Spider:2 | Killed Arachne
 36006 | Spider:2 | Upgraded the game from 0.17-a0-701-gb6462b4 to 0.17-a0-702-gb3a3556
 36007 | Spider:2 | Got a faintly humming shield
 36013 | Spider:2 | Identified the +0 shield "Goaphiyr" {MR+} (You acquired it on level 2 of the Spider Nest)
 36996 | Spider:4 | Reached XP level 18. HP: 185/185 MP: 23/23
 37733 | Spider:4 | Received a gift from Okawaru
 37736 | Spider:4 | Got a distressingly furry large shield {god gift}
 37747 | Spider:4 | Identified the +4 large shield of Caaczuik {rC+ rCorr} (Okawaru gifted it to you on level 4 of the Spider Nest)
 38243 | Spider:5 | Entered Level 5 of the Spider Nest
 39016 | Spider:5 | Reached skill level 10 in Shields
 39606 | Spider:5 | Got a gossamer rune of Zot
 40494 | Vaults:1 | Entered Level 1 of the Vaults
 40546 | Vaults:1 | Noticed Donald
 40567 | Vaults:1 | Killed Donald
 40567 | Vaults:1 | Received a gift from Okawaru
 41328 | Vaults:1 | Reached XP level 19. HP: 157/198 MP: 24/24
 42082 | Vaults:2 | Reached skill level 15 in Fighting
 43482 | Vaults:2 | Reached skill level 21 in Unarmed Combat
 43705 | Vaults:2 | Found Hacs's Antique Armour Boutique.
 44043 | Vaults:3 | Received a gift from Okawaru
 44078 | Vaults:3 | Got a scorched long sword {god gift}
 44472 | Vaults:3 | Found a staircase to the Crypt.
 44651 | Vaults:3 | Found Nigyopne's Magic Scroll Shop.
 45138 | Vaults:3 | Reached skill level 22 in Unarmed Combat
 45211 | Vaults:3 | Noticed Jorgrun
 45228 | Vaults:3 | Killed Jorgrun
 45254 | Vaults:3 | Received a gift from Okawaru
 45503 | Vaults:4 | Received a gift from Okawaru
 45503 | Vaults:4 | Reached XP level 20. HP: 180/210 MP: 19/25
 45543 | Vaults:4 | Got a scorched quarterstaff {god gift}
 46012 | Vaults:4 | Received a gift from Okawaru
 47531 | Elf:3    | Entered Level 3 of the Elven Halls
 47934 | Elf:3    | Received a gift from Okawaru
 48690 | Elf:3    | Received a gift from Okawaru
 48691 | Elf:3    | Got an ancient large shield {god gift}
 48852 | Elf:3    | Got an ebony dagger
 48871 | Elf:3    | Got a warped ivory amulet
 48872 | Elf:3    | Identified the amulet "Moyrriuh" {Spirit rPois rF- MP+9 Dex-3} (You found it on level 3 of the Elven Halls)
 48892 | Elf:3    | Identified Qame's Grimoire of Talismans
 48915 | Elf:3    | Identified the Volume of Beguiling
 48936 | Elf:3    | Identified the Handbook of the Sage
 48960 | Elf:3    | Identified the +6 large shield "Emastry" {MR++ MP+9 Dex-2} (Okawaru gifted it to you on level 3 of the Elven Halls)
 49021 | Elf:3    | Got a fine scythe
 49417 | Elf:3    | Reached XP level 21. HP: 203/218 MP: 26/26
 49593 | Elf:2    | Reached skill level 15 in Dodging
 50368 | Vaults:3 | Bought a scroll of enchant armour for 127 gold pieces
 51327 | Crypt:1  | Entered Level 1 of the Crypt
 52990 | Crypt:2  | Noticed Margery
 53004 | Crypt:2  | Killed Margery
 53314 | Crypt:2  | Noticed Frederick
 53351 | Crypt:2  | Killed Frederick
 53729 | Crypt:2  | Received a gift from Okawaru
 53793 | Crypt:3  | Entered Level 3 of the Crypt
 54069 | Crypt:3  | Noticed an ancient lich
 54086 | Crypt:3  | Killed an ancient lich
 54109 | Crypt:3  | Identified a +6 rod of the swarm (13/13) (You found it on level 3 of the Crypt)
 54361 | Crypt:3  | Found an ancient bone altar of Kikubaaqudgha.
 54669 | Crypt:3  | Received a gift from Okawaru
 54874 | Crypt:3  | Reached XP level 22. HP: 236/236 MP: 27/27
 56080 | Crypt:3  | Found a staircase to the Tomb.
 56260 | Crypt:3  | Got a twisted morningstar
 56554 | Crypt:3  | Got a dazzling glaive
 57047 | Depths:1 | Entered Level 1 of the Depths
 57548 | Depths:1 | Received a gift from Okawaru
 57556 | Depths:1 | Got a faintly glowing robe {god gift}
 57669 | Depths:1 | Identified the +3 robe of Sloth {SInv} (Okawaru gifted it to you on level 1 of the Depths)
 57700 | Depths:1 | Found Riysad's Serpentskin Sales.
 59259 | Depths:2 | Received a gift from Okawaru
 59409 | Depths:2 | Reached XP level 23. HP: 219/248 MP: 28/28
 59487 | Depths:2 | Got a blackened hand crossbow
 59626 | Depths:2 | Found Otyogiecs's Blood Bar.
 59970 | Depths:3 | Noticed asdu's ghost (great HOBe)
 60031 | Depths:3 | Killed asdu's ghost
 60072 | Depths:3 | Got a warped shortbow
 60276 | Depths:3 | Noticed Boris
 60457 | Depths:3 | Killed Boris
 60949 | Depths:3 | Received a gift from Okawaru
 61525 | Depths:3 | Noticed Mara
 61615 | Depths:3 | Noticed hyperkellhus's illusion
 61624 | Depths:3 | Killed Mara
 61624 | Depths:3 | Received a gift from Okawaru
 61715 | Depths:3 | Found a one-way gate leading to the halls of Pandemonium.
 61737 | Depths:3 | Received a gift from Okawaru
 61913 | Depths:3 | Reached XP level 24. HP: 122/267 MP: 28/28
 63404 | Depths:4 | Found a gateway to a ziggurat.
 63497 | Depths:4 | Received a gift from Okawaru
 63794 | Depths:4 | Received a gift from Okawaru
 63797 | Depths:4 | Got a crude broad axe {god gift}
 64522 | Depths:4 | Found a corrupted altar of Lugonu.
 64631 | Depths:4 | Found a one-way gate to the infinite horrors of the Abyss.
 64650 | Depths:5 | Entered Level 5 of the Depths
 65270 | Depths:5 | Received a gift from Okawaru
 65298 | Depths:5 | Found a gate to the Realm of Zot.
 65441 | Depths:5 | Reached XP level 25. HP: 229/284 MP: 28/28
 65657 | Depths:5 | Reached skill level 23 in Fighting
 66892 | Swamp:1  | Entered Level 1 of the Swamp
 67338 | Swamp:1  | Got a jewelled war axe
 69369 | Swamp:4  | Found a shimmering altar of Xom.
 69894 | Swamp:5  | Entered Level 5 of the Swamp
 69901 | Swamp:5  | Received a gift from Okawaru
 70221 | Swamp:5  | Noticed the 27-headed Lernaean hydra
 70228 | Swamp:5  | Killed the 26-headed Lernaean hydra
 70253 | Swamp:5  | Got a decaying rune of Zot
 71335 | Vaults:5 | Entered Level 5 of the Vaults
 71371 | Vaults:5 | Noticed an ancient lich
 71394 | Vaults:5 | Killed an ancient lich
 71422 | Vaults:5 | Got a transparent trident
 71717 | Vaults:5 | Reached XP level 26. HP: 174/296 MP: 28/28
 71948 | Vaults:5 | Got an iridescent flail
 72088 | Vaults:5 | Identified the Compendium of Dark Rituals and Weightlessness
 72137 | Vaults:5 | Received a gift from Okawaru
 72147 | Vaults:5 | Got a twisted hunting sling {god gift}
 72302 | Vaults:5 | Got a crude robe
 72318 | Vaults:5 | Identified the +1 robe of the Townfolk {-Cast rC+++ MR- Dex+2} (You found it on level 5 of the Vaults)
 72355 | Vaults:5 | Got a brightly glowing dagger
 72690 | Vaults:5 | Noticed Boris
 72698 | Vaults:5 | Killed Boris
 72813 | Vaults:5 | Got a silver rune of Zot
 73006 | Vaults:5 | Got a warped spear
 73017 | Vaults:5 | Got a crystal short sword
 73171 | Vaults:5 | Noticed an ancient lich
 73184 | Vaults:5 | Killed an ancient lich
 73184 | Vaults:5 | Received a gift from Okawaru
 73198 | Vaults:5 | Got a shimmering spear {god gift}
 73682 | Vaults:5 | Got a pitted large shield
 73693 | Vaults:5 | Identified the +2 large shield of the Blue Moon {Str+4} (You acquired it on level 5 of the Vaults)
 74239 | Zot:1    | Entered Level 1 of the Realm of Zot
 74578 | Depths:5 | Received a gift from Okawaru
 74864 | Zot:1    | Reached skill level 15 in Shields
 75570 | Zot:4    | Noticed an orb of fire
 75608 | Zot:4    | Reached XP level 27. HP: 288/305 MP: 0/28
 75733 | Zot:5    | Entered Level 5 of the Realm of Zot
 76109 | Zot:5    | Noticed an ancient lich
 76118 | Zot:5    | Killed an ancient lich
 76125 | Zot:5    | Noticed an ancient lich
 76136 | Zot:5    | Killed an ancient lich
 76177 | Zot:5    | Noticed an orb of fire
 76183 | Zot:5    | Noticed an ancient lich
 76199 | Zot:5    | Killed an orb of fire
 76208 | Zot:5    | Killed an ancient lich
 76208 | Zot:5    | Received a gift from Okawaru
 76428 | Zot:5    | Got the Orb of Zot
 76924 | D:11     | Noticed Ura Dept the pandemonium lord
 76937 | D:11     | Noticed Distroddobb the pandemonium lord
 76943 | D:11     | Killed Ura Dept the pandemonium lord
 76948 | D:11     | Killed Distroddobb the pandemonium lord
 76961 | D:11     | Noticed Uteahuamm the pandemonium lord
 76979 | D:11     | Killed Uteahuamm the pandemonium lord
 77318 | D:$      | Escaped with the Orb!

Action                   |  1- 3 |  4- 6 |  7- 9 | 10-12 | 13-15 | 16-18 | 19-21 | 22-24 | 25-27 || total
-------------------------+-------+-------+-------+-------+-------+-------+-------+-------+-------++-------
Melee: Dagger            |    96 |       |       |       |       |       |       |       |       ||    96
       Unarmed           |    74 |   166 |   316 |   697 |  1031 |  2097 |  2176 |  2163 |  2229 || 10949
 Fire: Blowgun           |     5 |    14 |    29 |       |    49 |    40 |       |       |       ||   137
Throw: Large rock        |       |     6 |     3 |       |    40 |   134 |     6 |       |     6 ||   195
Invok: Heroism           |       |       |     1 |     3 |     5 |     8 |     9 |    17 |     7 ||    50
       Finesse           |       |       |       |       |       |     1 |     4 |     5 |     3 ||    13
 Abil: Evoke Teleport Co |       |       |       |       |       |       |       |       |     1 ||     1
Evoke: Wand              |       |       |    13 |    22 |    17 |     1 |     2 |       |     2 ||    57
       Rod               |       |       |       |       |     1 |       |       |       |       ||     1
  Use: Scroll            |     4 |     1 |    18 |     9 |    13 |    11 |     9 |     4 |    16 ||    85
       Potion            |       |       |     1 |     5 |     3 |     5 |       |     7 |    18 ||    39
 Stab: Distracted        |       |       |     1 |       |       |     3 |     2 |     4 |       ||    10
       Sleeping          |       |       |     4 |     2 |     9 |     6 |     3 |     1 |     4 ||    29
  Eat: Chunk             |    21 |    20 |    37 |    61 |    79 |   151 |   104 |    84 |    91 ||   648
       Beef jerky        |       |       |       |       |       |     9 |     3 |       |       ||    12
       Fruit             |       |       |       |       |       |     7 |       |       |       ||     7
       Royal jelly       |       |       |       |       |       |     1 |     3 |       |     3 ||     7
       Pizza             |       |       |       |       |       |     2 |     2 |     1 |     1 ||     6
       Bread ration      |       |       |       |       |       |       |     2 |     3 |       ||     5
